 Dungeon Crawl Stone Soup version 0.30-a0-672-gc3a7216ad8 (webtiles) character file.

Game seed: 1634418623153103536

4972 Darius099 the Blocker (level 10, -6/66 HPs)
             Began as a Gargoyle Fighter on Jan 18, 2023.
             Killed by divine providence
             ... invoked by an orc priest
              (12 damage)
             ... on level 9 of the Dungeon on Jan 19, 2023.
             The game lasted 00:21:20 (8271 turns).

Darius099 the Blocker (Gargoyle Fighter)            Turns: 8271, Time: 00:21:20

Health: -6/66      AC: 29    Str: 22    XL:     10   Next: 53%
Magic:  10/10      EV:  9    Int:  9    God:
Gold:   343        SH: 11    Dex: 11    Spells: 9/9 levels left

rFire   . . .      SeeInvis .    m - +2 flail (protect)
rCold   + . .      Faith    .    c - +0 buckler
rNeg    + . .      Spirit   .    o - +2 scale mail {rC+}
rPois   ∞          Reflect  +    v - +1 helmet
rElec   +          Harm     .    H - +0 cloak
rCorr   .          Rampage  .    I - +0 pair of gloves
Will    .....                    (no boots) Stlth
                                 G - amulet of reflection
HPRegen 0.31/turn                (no ring)
MPRegen 0.12/turn                (no ring)

@: under a protective aura
A: sickness immunity, AC +7, negative energy resistance 1, electricity
resistance, torment resistance 1, petrification resistance
a: no special abilities


You were on level 9 of the Dungeon.
You visited 2 branches of the dungeon, and saw 10 of its levels.
You also visited: Sewer.

You collected 343 gold pieces.

Inventory:

Hand Weapons
 m - a +2 flail of protection (weapon)
Missiles
 q - 7 curare-tipped darts (quivered)
Armour
 c - a +0 buckler (worn)
 o - a +2 scale mail of cold resistance (worn)
 v - a +1 helmet (worn)
 H - a +0 cloak (worn)
 I - a +0 pair of gloves (worn)
Jewellery
 G - an amulet of reflection (around neck)
Wands
 n - a wand of polymorph (6)
 u - a wand of iceblast (19)
 C - a wand of paralysis (1)
 E - a wand of flame (10)
Scrolls
 a - 4 scrolls of enchant weapon {unknown}
 b - 7 scrolls of teleportation {unknown}
 f - 2 scrolls of fog {unknown}
 g - 2 scrolls of vulnerability {unknown}
 h - a scroll of fear {unknown}
 i - a scroll of brand weapon {unknown}
 j - 2 scrolls of amnesia {unknown}
 k - 6 scrolls of identify {unknown}
 p - 2 scrolls of enchant armour {unknown}
 s - 3 scrolls of poison {unknown}
 t - 2 scrolls of blinking {unknown}
 w - 2 scrolls of magic mapping {unknown}
 y - a scroll of acquirement {unknown}
 z - a scroll of summoning {unknown}
 A - 2 scrolls of immolation {unknown}
Potions
 d - 3 potions of might
 e - a potion of cancellation {unknown}
 l - a potion of curing {unknown}
 r - 2 potions of degeneration {unknown}
 x - 4 potions of lignification
 B - a potion of attraction {unknown}
 D - a potion of magic {unknown}
 F - 2 potions of heal wounds


   Skills:
 + Level 9.0 Fighting
 + Level 7.8 Maces & Flails
 + Level 9.0 Armour
 + Level 9.1 Shields


You had 9 spell levels left.
You didn't know any spells.
Your spell library contained the following spells:

 Spells                   Type           Power      Damage    Failure   Level
 Apportation              Tloc           0%         N/A       75%         1
 Beastly Appendage        Tmut           0%         N/A       75%         1
 Freeze                   Ice            0%         1d3       75%         1
 Passwall                 Tmut/Erth      0%         N/A       86%         2
 Wereblood                Tmut           0%         N/A       86%         2
 Frozen Ramparts          Ice            0%         1d1       98%         3
 Hailstorm                Conj/Ice       0%         3d3       98%         3
 Portal Projectile        Hex/Tloc       0%         N/A       98%         3
 Tukima's Dance           Hex            0%         N/A       98%         3
 Alistair's Intoxication  Tmut/Pois      0%         N/A       100%        5
 Blade Hands              Tmut           0%         N/A       100%        5
 Summon Cactus Giant      Summ           0%         N/A       100%        6


Dungeon Overview and Level Annotations

Branches:
Dungeon (9/15)             Temple (1/1) D:6           Sewer (visited)
   Lair: D:8-11         Orc: D:9-12

Altars:
Ashenzari
Cheibriados
Dithmenos
Elyvilon
Fedhas
Gozag
Hepliaklqana
Makhleb
Qazlal
Ru
Sif Muna
Trog
Uskayaw
Vehumet
Wu Jian
Xom
Yredelemnul
Zin
The Shining One

Annotations:
D:6 exclusion: statue


Innate Abilities, Weirdness & Mutations

You are immune to sickness and miasma.
Your stone body is resilient. (AC +7)
You are immune to poison.
You resist negative energy. (rN+)
You are resistant to electric shocks. (rElec)
You are resistant to unholy torment.
You are immune to petrification.


Message History

The shadow slips into darkness.
The shadow flickers and vanishes!
Deactivating autopickup; reactivate with Ctrl-A.
The orc priest hits you but does no damage.
You barely miss the orc priest.
The orc priest is severely wounded.
The orc priest mumbles some strange prayers to Beogh against you.
You struggle to resist.
You block the orc's attack. The orc hits you but does no damage.
The orc priest hits you but does no damage.
The shadow strikes at you from the darkness!
The orc warrior hits you with a +0 battleaxe.
You closely miss the orc priest.
The orc priest is severely wounded.
The shadow strikes at you from the darkness!
* * * LOW HITPOINT WARNING * * *
Reactivating autopickup.
The orc warrior hits you with a +0 battleaxe!
* * * LOW HITPOINT WARNING * * *
The orc hits you but does no damage.
The orc priest calls down the wrath of Beogh upon you.
You struggle to resist.
The orc priest hits you but does no damage.
You block the orc's attack.
You hit the orc priest.
The orc priest is severely wounded.
The orc warrior hits you but does no damage.
You block the orc's attack. You block the orc priest's attack.
The orc hits you but does no damage. The shadow hits you.
The orc priest hits you but does no damage.
You hit the orc priest.
The orc priest is almost dead.
The orc barely misses you.
The orc priest hits you but does no damage.
The orc hits you with a +0 mace.
* * * LOW HITPOINT WARNING * * *
The shadow barely misses you. You block the orc warrior's attack.
The orc priest invokes the aid of Beogh against you.
Beogh smites you!
You die...

#.....# ###.#####
#.....### #.......#
##._..._.##
#.........#########+#
#._..8....#.....<....
##..)......#..oo......
###...)..._.....@o......
......))_.[..+./oWo.....
#######...####..........
##).# #......$... ##.#
#########+# #)#
#######)## #.....)))#
#........#


You could see an orc warrior, a shadow, 2 orc priests and 2 orcs.

Vanquished Creatures
  Sigmund (D:4)
  6 yaks (D:7)
  A wyvern (D:7)
  A steam dragon (D:6)
  Eustachio (D:4)
  3 water moccasins
  Duvessa (D:6)
  An ice beast (D:6)
  2 sky beasts
  3 black bears
  An ogre (D:6)
  2 centaurs
  A phantom (D:6)
  9 kobold brigands
  A necrophage (D:7)
  3 scorpions
  Dowan (D:6)
  6 killer bees (D:7)
  3 howler monkeys
  2 jellies (D:7)
  5 hounds
  4 orc priests
  3 iguanas
  Ijyb (D:3)
  Natasha (twice) (D:4)
  8 orc wizards
  11 adders
  3 gnolls (D:4)
  A river rat (D:3)
  2 white imps
  4 worms (Sewer)
  2 dart slugs
  31 orcs
  5 bats
  10 endoplasms
  7 giant cockroaches
  6 goblins
  4 hobgoblins
  10 jackals
  3 quokkas
  13 ball pythons
  2 frilled lizards (D:1)
  15 kobolds
  17 rats
218 creatures vanquished.

Vanquished Creatures (others)
  An orc wizard (D:9)
  A quokka (D:8)
  5 plants (D:9)
7 creatures vanquished.

Grand Total: 225 creatures vanquished

Notes
Turn   | Place    | Note
-------+----------+-------------------------------------------
     0 | D:1      | Darius099 the Gargoyle Fighter began the quest for the Orb.
     0 | D:1      | Reached XP level 1. HP: 14/14 MP: 1/1
   163 | D:1      | Reached XP level 2. HP: 19/19 MP: 2/2
   279 | D:1      | Reached XP level 3. HP: 21/24 MP: 3/3
   704 | D:2      | Reached XP level 4. HP: 29/29 MP: 4/4
  1395 | D:3      | Reached XP level 5. HP: 33/33 MP: 5/5
  1408 | D:3      | Found a shadowy altar of Dithmenos.
  1416 | D:3      | Noticed Ijyb
  1450 | D:3      | Killed Ijyb
  1689 | D:3      | Found a glowing drain.
  1709 | Sewer    | Entered a sewer
  1754 | Sewer    | Noticed a kobold brigand
  1770 | Sewer    | Killed a kobold brigand
  1771 | Sewer    | Reached XP level 6. HP: 39/39 MP: 6/6
  1944 | Sewer    | Reached skill level 5 in Fighting
  1991 | Sewer    | Reached skill level 5 in Armour
  1991 | Sewer    | Reached skill level 5 in Shields
  1991 | Sewer    | Reached XP level 7. HP: 44/44 MP: 7/7
  2744 | D:4      | Noticed Sigmund
  2765 | D:4      | Killed Sigmund
  2766 | D:4      | Reached XP level 8. HP: 37/51 MP: 8/8
  3427 | D:4      | Noticed Eustachio
  3446 | D:4      | Killed Eustachio
  3447 | D:4      | Reached skill level 5 in Maces & Flails
  3501 | D:4      | Noticed Natasha
  3513 | D:4      | Killed Natasha
  3604 | D:4      | Noticed Natasha
  3608 | D:4      | Killed Natasha
  3759 | D:5      | Entered Level 5 of the Dungeon
  4672 | D:6      | Reached XP level 9. HP: 44/57 MP: 9/9
  5293 | D:6      | Noticed Duvessa
  5293 | D:6      | Noticed Dowan
  5305 | D:6      | Killed Dowan
  5329 | D:6      | Killed Duvessa
  5547 | D:6      | Found a staircase to the Ecumenical Temple.
  5558 | Temple   | Entered the Ecumenical Temple
  5657 | D:6      | Found a radiant altar of Vehumet.
  6360 | D:7      | Found a shimmering altar of Xom.
  6479 | D:7      | Got Kirchunu's Papyrus of Combined Shapeshifting
  6557 | D:7      | Reached XP level 10. HP: 64/64 MP: 10/10
  6863 | D:7      | HP: 2/97 [yak (4)]
  7380 | D:8      | Found a white marble altar of Elyvilon.
  7535 | D:8      | Paralysed by a centaur for 5 turns
  7541 | D:8      | Paralysed by a centaur for 5 turns
  7548 | D:8      | Paralysed by a centaur for 4 turns
  7554 | D:8      | Paralysed by a centaur for 4 turns
  7787 | D:9      | Found a hazy altar of Hepliaklqana.
  7789 | D:9      | Found a bloodstained altar of Trog.
  7791 | D:9      | Found an ornate altar of the Wu Jian Council.
  7791 | D:9      | Found a snail-covered altar of Cheibriados.
  7792 | D:9      | Found a glowing golden altar of the Shining One.
  7998 | D:9      | Identified the +4 dagger of Ukkaq {vamp, *Corrode rC+ Str+3
                  | Int+6}
  8271 | D:9      | Killed from afar by an orc priest

Illustrated notes

Levels and vault maps discovered:
D:1:      minmay_arrival_jagged, layout_basic, minmay_3d_cube
D:2:      minmay_general_purpose_star, layout_rooms, nrook_mini_vaults
D:3:      layout_rooms, lemuel_round_altar, portal_sewer_entry_b,
          grunt_ministairs_14, hex_medium, minmay_misc_feat_hallway,
          hangedman_feature_mirror, minmay_misc_feat_chi, st_stairs_3, uniq_ijyb
D:4:      minmay_recursive_quarters, layout_basic, uniq_sigmund, uniq_eustachio,
          uniq_natasha
D:5:      layout_gridville
D:6:      layout_gridville, vehumet_statue, minmay_temple_entry_glass,
          uniq_duvessa
D:7:      nicolae_cairo_tiling_very_big, layout_basic,
          mainiacjoe_overflow_boulevard, chequers_arboretum,
          kennysheep_generic_room_9
D:8:      layout_cave_pools, elyvilon_altar_4, serial_park_tiny_pond,
          dreamdust_princess_corridor
D:9:      layout_roguey, grunt_temple_overflow_open, serial_bayou_lake_a
Temple:   nicolae_temple_ecumenical_triangle

Skill      XL: |  1  2  3  4  5  6  7  8  9 10 |
---------------+-------------------------------+-----
Fighting       | 4 5 6 7 8 9 |  9.0
Armour         | 4 5 6 8 9 |  9.0
Shields        | 4 5 6 7 8 9 |  9.1
Maces & Flails | 3 4 5 7 |  7.8

Action                   |  1- 3 |  4- 6 |  7- 9 | 10-12 || total
-------------------------+-------+-------+-------+-------++-------
Melee: Flail             |   138 |   168 |   504 |   229 ||  1039
       Unarmed           |       |    23 |       |       ||    23
  Use: Potion            |       |       |       |     3 ||     3
Armor: Scale mail        |    30 |    45 |   420 |   276 ||   771
       Chain mail        |    75 |    82 |       |       ||   157
       Skin              |       |     2 |       |    10 ||    12
Dodge: Dodged            |    69 |    64 |   221 |   130 ||   484
Block: Buckler           |    32 |    42 |   166 |   131 ||   371
       Reflection        |       |       |       |     5 ||     5

Table legend: (Time is in decaauts)
 A = Elapsed time spent in this place.
 B = Non-inter-level travel time spent in this place.
 C = Inter-level travel time spent in this place.
 D = Time resting spent in this place.
 E = Time spent auto-exploring this place.
 F = Levels seen in this place.
 G = Mean time per level.
                   A        B        C        D        E       F      G
               +--------+--------+--------+--------+--------+-----+--------+
         Total |   8640 |   8505 |    135 |    667 |   5142 |  11 |  785.5 |
       Dungeon |   7574 |   7439 |    135 |    667 |   4559 |   9 |  841.6 |
        Temple |     52 |     52 |      0 |      0 |     31 |   1 |   52.0 |
         Sewer |   1013 |   1013 |      0 |      0 |    551 |   1 | 1013.0 |
               +--------+--------+--------+--------+--------+-----+--------+

Top non-repeatable levels by time:
     D:7: 1387 daAuts
     D:6: 1200 daAuts
     D:4: 1051 daAuts
   Sewer: 1013 daAuts
     D:5: 884 daAuts
     D:3: 731 daAuts
     D:1: 655 daAuts
     D:2: 626 daAuts
     D:8: 521 daAuts
     D:9: 516 daAuts
  Temple: 52 daAuts
